Map: Ever Dream LE

Players

Namshar

  • Race: Zerg Zerg
  • League: Grandmaster
  • Spawn Location: 7:00

soul - Winner!

  • Race: Terran Terran
  • League: Grandmaster
  • Spawn Location: 1:00

Event: StayAtHomestory Cup #1

VOD

Have the link to the VOD?

Description

Time

  • Played on: April 11, 2020, 10:03 a.m.
  • Length: 28:35

All games in this series

Show
View Real Time Build Order
Export as new Build Order

Namshar Zerg 

Build Orders: Pool First 

Get SALT Encoding   

  12  0:00  Drone  
  13  0:12  Overlord  
  13  0:17  Drone  
  14  0:30  Drone x2  
  16  0:40  Spawning Pool  
  15  0:44  Drone  
  15  0:47  Drone  
  17  1:07  Hatchery  
  17  1:11  Extractor  
  15  1:12  Drone  
  16  1:27  Zergling x6  
  16  1:32  Roach Warren  
  18  1:46  Queen  
  20  1:53  Overlord  
  20  2:15  Roach x3  
  26  2:26  Drone x2  
  28  2:30  Drone  
  30  2:44  Drone x2  
  30  2:46  Metabolic Boost  
  30  2:56  Drone x4  
  33  3:05  Overlord  
  32  3:14  Drone x4  
  36  3:24  Queen  
  38  3:28  Drone x2  
  38  3:33  Ravager  
  41  3:35  Drone  
  42  3:43  Hatchery  
  41  3:50  Overlord, Drone  
  41  3:53  Overlord  
  42  3:58  Drone x2  
  44  4:08  Queen x2  
  48  4:11  Drone  
  48  4:12  Drone  
  48  4:14  Drone  
  51  4:22  Zergling x6  
  51  4:23  Zergling x2  
  55  4:31  Spore Crawler  
  55  4:32  Drone  
  55  4:33  Spore Crawler, Drone  
  55  4:34  Drone x4  
  59  4:42  Overlord  
  59  4:43  Overlord  
  59  4:49  Evolution Chamber x2  
  57  5:01  Overlord  
  57  5:02  Drone x2  
  57  5:03  Drone x2  
  57  5:04  Queen  
  63  5:09  Overlord x2  
  63  5:11  Drone  
  64  5:15  Overlord  
  64  5:16  Drone x2  
  66  5:21  Zerg Ground Armor Level 1  
  66  5:22  Extractor  
  66  5:23  Extractor  
  66  5:24  Zerg Melee Weapons Level 1  
  64  5:32  Spore Crawler, Drone x5  
  68  5:38  Drone x5  
  73  5:51  Drone x9  
  73  5:56  Lair  
  82  6:08  Extractor  
  82  6:10  Baneling Nest  
  80  6:11  Queen  
  80  6:14  Drone x3  
  80  6:15  Hatchery  
  84  6:19  Queen  
  84  6:35  Zergling x2  
  84  6:36  Zergling x26  
  98  6:40  Overlord  
  98  6:53  Centrifical Hooks  
  98  7:00  Drone  
  99  7:02  Hatchery, Baneling x6  
  99  7:03  Baneling x3  
  99  7:05  Overlord x2  
  98  7:10  Drone x2  
  98  7:13  Overlord x2, Ravager x2  
  102  7:19  Unknown  
  101  7:24  Zerg Ground Armor Level 2  
  101  7:29  Drone x3  
  104  7:34  Zerg Melee Weapons Level 2  
  104  7:35  Drone x3  
  104  7:36  Drone x3  
  108  7:48  Spore Crawler  
  108  7:50  Drone x3, Extractor  
  109  7:52  Zergling x16  
  117  7:59  Zergling x8  
  120  8:08  Infestation Pit  
  119  8:19  Hatchery  
  117  8:29  Zergling x28  
  131  8:44  Zergling x30  
  135  8:56  Overlord x2  
  135  8:57  Hive  
  135  8:58  Queen  
  135  8:59  Queen  
  135  9:00  Queen  
  140  9:07  Overlord x2  
  140  9:08  Zergling x20  
  145  9:10  Baneling x14  
  145  9:17  Baneling  
  145  9:18  Baneling x12  
  145  9:26  Drone x3  
  145  9:27  Drone x2  
  145  9:28  Drone x2  
  152  9:39  Overlord x3  
  152  9:40  Hatchery, Overlord, Zergling x2  
  152  9:41  Zergling x6  
  154  9:48  Baneling x4  
  152  9:58  Drone x2  
  154  10:01  Drone  
  154  10:02  Drone x10  
  165  10:12  Zergling x24  
  169  10:26  Pneumatized Carapace, Overseer  
  169  10:27  Adrenal Glands  
  165  10:28  Ultralisk Cavern  
  165  10:29  Drone  
  165  10:31  Spire  
  154  10:36  Drone x3  
  154  10:37  Zergling x30  
  167  10:43  Ultralisk Cavern  
  161  10:52  Extractor  
  161  10:56  Drone x4  
  164  10:58  Zergling x18  
  164  11:02  Drone x2  
  164  11:04  Spore Crawler  
  161  11:06  Drone x7  
  161  11:10  Overseer  
  164  11:11  Overlord  
  159  11:29  Zerg Ground Armor Level 3  
  159  11:30  Zerg Melee Weapons Level 3  
  159  11:31  Chitinous Plating  
  150  11:34  Drone x7  
  150  11:38  Overseer  
  150  11:39  Overseer  
  157  11:42  Extractor  
  157  11:43  Extractor  
  155  11:49  Spore Crawler  
  131  12:03  Drone x9  
  133  12:20  Greater Spire  
  130  12:31  Queen  
  130  12:32  Drone x3  
  130  12:33  Drone x2  
  130  12:35  Ultralisk x3  
  130  12:36  Zergling x4  
  130  12:37  Zergling x28  
  168  12:45  Drone  
  168  12:46  Drone x3  
  168  12:50  Anabolic Synthesis  
  168  12:51  Zergling x14  
  173  12:52  Baneling x3  
  173  12:53  Baneling x7  
  179  13:03  Overseer  
  179  13:05  Zergling x14  
  179  13:18  Zergling x18  
  131  13:41  Drone x15  
  138  13:51  Corruptor x8  
  154  13:58  Zergling x6  
  154  14:01  Baneling  
  154  14:02  Baneling x18  
  156  14:07  Drone x6  
  162  14:10  Zerg Flyer Weapons Level 1  
  162  14:16  Drone  
  162  14:17  Drone  
  162  14:18  Drone x2  
  159  14:29  Zergling x20  
  161  14:39  Zergling x12  
  144  14:56  Drone x2  
  144  14:57  Drone x3  
  144  14:58  Drone x3  
  147  15:02  Zergling x12  
  152  15:07  Baneling  
  152  15:08  Baneling x3  
  152  15:20  Zergling x20, Hatchery  
  160  15:27  Corruptor x2  
  164  15:38  Zergling x34  
  180  15:57  Corruptor x2  
  180  15:59  Baneling x10  
  180  16:03  Zergling x26  
  194  16:15  Zergling x12  
  190  16:24  Zergling x2  
  190  16:25  Zergling x10  
  188  16:40  Drone  
  188  16:41  Drone x4  
  188  16:42  Drone x3  
  188  16:43  Drone x3  
  188  16:45  Baneling  
  199  16:50  Baneling x21  
  199  16:51  Baneling x12  
  199  16:57  Zerg Flyer Weapons Level 2  
  199  17:00  Overseer  
  199  17:01  Overseer x3  
  183  17:23  Zergling x32  
  183  17:24  Zergling x2  
  198  17:44  Zergling x6  
  192  17:53  Baneling x5  
  192  18:01  Zergling x12  
  192  18:02  Zergling x12  
  182  18:20  Zergling x24, Ultralisk  
  182  18:25  Hatchery, Baneling x10  
  182  18:26  Baneling x6  
  199  18:33  Zergling x4  
  180  18:56  Overseer  
  180  18:57  Overseer  
  180  18:58  Zergling x2  
  180  18:59  Zergling x32  
  196  19:11  Baneling x2  
  194  19:17  Hatchery  
  194  19:19  Hatchery  
  193  19:24  Zergling x10  
  193  19:27  Drone  
  193  19:28  Drone x10  
  186  19:35  Baneling  
  186  19:36  Baneling x3  
  182  19:47  Zergling x30  
  163  20:10  Zergling x10  
  163  20:11  Zergling x6  
  163  20:13  Baneling x9  
  163  20:14  Baneling x25  
  163  20:16  Overlord  
  163  20:17  Overlord x3  
  148  20:22  Drone x9  
  158  20:33  Zergling x22  
  162  20:45  Ultralisk x4  
  196  20:57  Ultralisk x2, Corruptor  
  196  21:00  Zergling x4  
  200  21:24  Zergling x18  
  199  21:32  Drone x8  
  185  21:48  Drone x3  
  185  21:49  Spore Crawler, Drone x7  
  185  21:51  Baneling x14  
  194  21:54  Baneling x2  
  194  21:58  Overseer x2  
  194  21:59  Hatchery  
  193  22:04  Drone x2  
  193  22:05  Zergling x10, Spore Crawler  
  198  22:34  Drone x9  
  183  22:38  Zergling x18  
  172  22:50  Drone x8  
  172  22:51  Queen  
  179  22:52  Queen  
  181  23:00  Drone x8  
  167  23:28  Zergling x38  
  181  23:38  Hatchery  
  177  23:44  Zergling x4  
  177  23:47  Baneling x11  
  175  23:48  Baneling  
  175  23:49  Baneling x4  
  164  24:00  Zergling x10  
  166  24:23  Zergling x6  
  128  24:41  Baneling  
  128  24:42  Baneling x6  
  128  24:43  Zergling x2  
  128  24:44  Zergling x12  
  131  24:56  Zergling x4  
  126  25:03  Zergling x2  
  72  25:36  Zergling x12  
  75  26:05  Zergling x2  
  75  26:06  Zergling x16  
  73  26:19  Drone x2  
  75  26:39  Baneling  
  70  26:40  Baneling x8  
  70  26:51  Drone  
  68  27:08  Drone x3  
  70  27:18  Baneling x3  
  70  27:30  Zergling x2  
  70  27:31  Zergling x4  
  67  27:52  Drone x2  
  67  27:55  Zergling x6  
  72  28:05  Baneling  
  72  28:06  Baneling  
  72  28:08  Zergling x2  
Show
View Real Time Build Order
Export as new Build Order

soul Terran - Winner!

Build Orders: Reaper Expand 

Get SALT Encoding   

  12  0:00  SCV  
  13  0:12  SCV  
  14  0:17  Supply Depot  
  14  0:25  SCV  
  15  0:38  SCV  
  15  0:40  Barracks  
  16  0:45  Refinery  
  16  0:50  SCV  
  17  1:03  SCV  
  18  1:15  SCV  
  19  1:27  Reaper  
  19  1:28  Orbital Command  
  20  1:39  Command Center  
  20  1:48  Supply Depot  
  20  1:53  SCV  
  21  1:59  Marine  
  22  2:09  Factory  
  22  2:10  SCV  
  23  2:19  Refinery, Barracks Tech Lab  
  23  2:22  SCV  
  24  2:31  Bunker  
  24  2:34  SCV  
  24  2:46  SCV  
  24  2:48  Barracks Reactor  
  23  2:58  SCV  
  23  3:01  Orbital Command  
  23  3:03  Cyclone  
  26  3:10  SCV  
  27  3:17  Starport  
  27  3:22  SCV  
  27  3:24  Marine  
  27  3:25  Marine  
  30  3:29  SCV  
  31  3:35  SCV  
  31  3:37  Supply Depot  
  32  3:41  SCV  
  32  3:48  SCV, Marine  
  37  3:53  SCV  
  36  4:00  SCV  
  37  4:04  Banshee  
  37  4:05  SCV  
  37  4:06  Factory Tech Lab  
  41  4:12  SCV  
  41  4:15  Command Center  
  42  4:18  SCV  
  42  4:21  Supply Depot  
  43  4:24  SCV  
  43  4:25  Siege Tank  
  43  4:30  SCV  
  48  4:36  SCV  
  48  4:37  Supply Depot  
  49  4:42  SCV  
  50  4:47  Barracks  
  50  4:48  SCV  
  50  4:51  Marine  
  52  4:52  Stimpack  
  52  4:54  SCV  
  52  4:57  Barracks  
  50  5:00  SCV  
  50  5:02  Liberator  
  50  5:06  SCV  
  55  5:09  Bunker  
  55  5:11  Engineering Bay  
  55  5:12  SCV  
  55  5:14  Engineering Bay  
  56  5:15  Marine  
  56  5:18  SCV  
  56  5:21  Refinery x2  
  58  5:25  Siege Tank  
  58  5:26  SCV  
  62  5:30  Orbital Command  
  62  5:34  Marine x3  
  65  5:41  Terran Infantry Weapons Level 1  
  65  5:43  SCV  
  65  5:46  Starport Reactor  
  65  5:49  Barracks Reactor  
  66  5:50  SCV  
  66  5:53  Marine  
  66  5:55  SCV  
  68  5:58  Orbital Command, Marine x2  
  68  6:02  SCV  
  71  6:06  Supply Depot  
  71  6:07  SCV, Supply Depot x2  
  71  6:11  Marine  
  72  6:14  SCV  
  72  6:15  Marine  
  72  6:16  Marine  
  76  6:19  SCV  
  76  6:22  Siege Tank  
  76  6:23  SCV  
  81  6:26  SCV  
  81  6:27  Medivac x2  
  81  6:29  Marine  
  81  6:31  SCV  
  88  6:33  Marine x2  
  88  6:35  SCV  
  88  6:38  SCV, Supply Depot  
  89  6:43  SCV  
  89  6:44  Armory  
  89  6:45  Marine, Barracks  
  89  6:46  Marine  
  92  6:48  SCV, Barracks  
  92  6:50  SCV  
  94  6:55  SCV  
  94  6:56  Marine x2  
  94  6:58  Supply Depot  
  94  7:00  SCV, Siege Tank  
  94  7:01  Supply Depot  
  101  7:02  SCV, Combat Shield  
  101  7:03  Marine  
  101  7:06  Medivac  
  101  7:07  SCV  
  106  7:10  Refinery  
  106  7:11  Liberator  
  106  7:12  SCV  
  106  7:13  Marine  
  106  7:14  Marine  
  106  7:15  SCV, Marine  
  114  7:16  Marine  
  114  7:19  SCV  
  114  7:20  Terran Infantry Armor Level 1  
  116  7:24  SCV  
  116  7:25  Supply Depot x2  
  116  7:27  SCV, Marine  
  119  7:31  Marine x2  
  119  7:32  Marine  
  119  7:33  SCV, Marine  
  123  7:45  Command Center, Terran Infantry Weapons Level 2  
  123  7:47  Marine  
  123  7:49  Marine x2  
  123  7:50  Marine  
  127  7:51  Barracks Reactor, Marine  
  127  7:53  Drilling Claws  
  127  7:55  Factory, Widow Mine  
  131  8:05  Marine  
  131  8:07  Barracks Reactor, Marine x2  
  131  8:10  Refinery  
  131  8:11  Supply Depot  
  131  8:12  SCV  
  134  8:13  Supply Depot, Marine  
  134  8:16  Widow Mine  
  134  8:18  Marine  
  138  8:21  Terran Vehicle And Ship Armor Level 1  
  138  8:23  Marine  
  138  8:25  Marine x2  
  141  8:28  Marine  
  141  8:31  Medivac x2, Marine  
  147  8:34  SCV  
  147  8:36  Marine  
  147  8:41  SCV, Factory Reactor, Marine  
  150  8:42  Widow Mine, Marine  
  150  8:47  Marine  
  155  8:52  Marine x5  
  155  8:54  Marine  
  155  8:55  SCV  
  149  8:59  Marine  
  149  9:00  Marine  
  149  9:01  Medivac x2  
  154  9:03  Widow Mine  
  154  9:04  Barracks  
  154  9:05  Marine, Barracks  
  154  9:09  Marine  
  156  9:18  Planetary Fortress  
  156  9:20  Widow Mine  
  158  9:25  Unknown, Widow Mine  
  160  9:31  Medivac x2  
  160  9:32  Sensor Tower  
  160  9:33  Widow Mine  
  160  9:35  Barracks  
  166  9:38  Command Center  
  166  9:41  Widow Mine  
  167  9:46  Widow Mine  
  167  9:53  Barracks Tech Lab x2  
  167  9:54  Widow Mine  
  167  9:56  Terran Infantry Armor Level 2  
  169  10:03  Widow Mine  
  169  10:04  Ghost Academy  
  169  10:07  Starport, Widow Mine  
  171  10:09  Command Center  
  171  10:11  Marauder  
  171  10:12  Marauder  
  171  10:13  Marauder  
  179  10:20  Marine  
  175  10:26  Widow Mine  
  169  10:32  Marine  
  169  10:33  Marauder  
  172  10:36  Barracks Tech Lab  
  172  10:37  Marauder, Marine  
  172  10:41  Marine, Widow Mine x2  
  180  10:48  Marauder  
  174  10:50  Marine x5  
  174  10:53  Widow Mine  
  174  10:54  Marauder  
  174  10:55  Marine  
  174  10:56  Marauder  
  186  11:01  Marauder  
  186  11:02  Widow Mine x2  
  192  11:06  Starport Reactor, Terran Infantry Weapons Level 3, Personal Cloaking  
  192  11:13  Marauder  
  192  11:16  Refinery  
  192  11:18  Refinery  
  194  11:19  Widow Mine  
  194  11:20  Marauder  
  194  11:24  Widow Mine x2  
  197  11:26  Marine  
  197  11:27  Marauder  
  197  11:31  Orbital Command  
  197  11:32  Planetary Fortress  
  196  11:33  Command Center  
  196  11:35  Concussive Shells  
  199  11:59  Marine  
  199  12:00  Marauder  
  196  12:07  Unknown x2, Widow Mine  
  194  12:09  Marauder  
  194  12:13  Ghost Academy, Liberator  
  194  12:14  Ghost Academy  
  199  12:16  Fusion Core  
  199  12:20  Command Center  
  200  12:23  Marauder  
  200  12:29  Command Center  
  198  12:31  Sensor Tower  
  198  12:32  Command Center, Nuke  
  200  12:37  Widow Mine  
  200  12:42  Terran Infantry Armor Level 3  
  200  12:43  Terran Vehicle And Ship Armor Level 2  
  198  12:44  Starport  
  192  12:54  Marine  
  192  12:55  Marauder  
  195  13:12  Marauder, Marine  
  190  13:15  Marauder x2, Marine x6  
  190  13:16  Marauder  
  199  13:20  Marine  
  199  13:26  Liberator  
  189  13:30  Marine  
  189  13:32  Medivac, Marine  
  189  13:33  Marine x4  
  189  13:34  Marauder  
  182  13:35  Widow Mine  
  182  13:36  Marauder x2  
  182  13:40  Marauder  
  186  13:43  Neosteel Armor  
  186  13:47  SCV  
  159  13:49  SCV x3  
  159  13:52  SCV  
  157  14:07  Widow Mine x2  
  158  14:10  Liberator  
  158  14:14  Orbital Command  
  159  14:20  Liberator  
  159  14:21  SCV  
  162  14:25  SCV  
  162  14:27  SCV  
  164  14:40  SCV  
  164  14:42  SCV  
  164  14:45  SCV  
  153  14:46  SCV x4  
  153  14:51  Marine x5  
  153  14:52  SCV  
  154  14:54  SCV  
  154  14:57  SCV  
  154  14:58  SCV x3  
  154  14:59  SCV  
  152  15:04  SCV, Bunker  
  152  15:06  SCV, Marine x4  
  157  15:09  SCV  
  157  15:10  SCV x3  
  165  15:23  Planetary Fortress  
  165  15:24  SCV x3  
  165  15:26  SCV  
  171  15:29  SCV x2  
  171  15:31  Orbital Command  
  173  15:36  Bunker  
  173  15:43  Marine  
  173  15:47  Marine  
  173  15:48  Widow Mine  
  173  15:49  Unknown x3, Marauder x3, Widow Mine  
  185  15:50  Widow Mine  
  185  15:53  Unknown, Marauder, Orbital Command  
  185  15:54  Nuke x2  
  186  16:00  SCV x4  
  186  16:01  SCV  
  186  16:03  SCV  
  186  16:04  Sensor Tower  
  192  16:11  Marauder  
  195  16:13  Supply Depot  
  195  16:15  Supply Depot  
  190  16:23  Marine  
  190  16:25  Command Center  
  197  16:29  Widow Mine  
  197  16:50  Unknown x3  
  199  17:00  Unknown  
  199  17:01  Marine  
  200  17:14  Orbital Command, Marine  
  197  17:18  Widow Mine  
  197  17:19  Unknown  
  197  17:22  Marine  
  200  17:27  Marauder  
  197  17:31  Nuke x3  
  194  17:42  Orbital Command  
  180  17:54  Widow Mine x3  
  185  18:08  Liberator x2  
  187  18:15  Widow Mine x3  
  187  18:18  Unknown x2  
  187  18:23  Orbital Command  
  187  18:28  Marine  
  187  18:29  Marine x4  
  187  18:30  Marine x7  
  187  18:36  Widow Mine  
  187  18:37  Widow Mine x2  
  193  18:46  Marine x2  
  193  18:47  Marine  
  193  18:48  Marauder x3, Marine  
  171  18:55  Marine  
  178  18:56  Marauder  
  178  18:58  Widow Mine x3  
  178  19:02  Marine  
  187  19:08  SCV  
  189  19:10  Marauder  
  189  19:14  SCV  
  186  19:18  Sensor Tower  
  186  19:19  Widow Mine x3  
  186  19:21  Command Center  
  186  19:22  Marauder, Marine  
  186  19:23  Command Center  
  191  19:30  Planetary Fortress  
  189  19:36  Marauder, Marine  
  192  19:41  Widow Mine x3, Nuke x2  
  195  19:46  Missile Turret  
  195  19:52  Orbital Command  
  191  19:56  Marine x6  
  190  20:02  Widow Mine x2  
  190  20:03  Marine  
  190  20:05  Marine x4  
  190  20:06  Marauder  
  161  20:12  Widow Mine  
  161  20:14  Marine x6  
  170  20:23  Widow Mine  
  170  20:24  Widow Mine  
  170  20:26  SCV  
  183  20:30  Medivac x2  
  183  20:31  SCV  
  183  20:35  Marine x4  
  186  20:38  SCV x4  
  186  20:39  SCV, Refinery  
  186  20:42  Refinery  
  193  20:50  Marine x2  
  195  21:02  Unknown x4  
  195  21:03  Marauder  
  199  21:06  Sensor Tower  
  199  21:08  Planetary Fortress  
  199  21:13  Marine  
  199  21:14  Sensor Tower  
  200  21:25  Marauder, Marine  
  193  21:31  Unknown  
  193  21:32  Marine  
  193  21:33  Marauder  
  193  21:34  SCV x4, Planetary Fortress  
  193  21:38  SCV  
  195  21:40  Widow Mine  
  195  21:45  SCV  
  194  21:48  Widow Mine x2  
  198  21:54  SCV x2  
  196  22:01  Widow Mine  
  194  22:09  Widow Mine x2  
  198  22:23  Widow Mine  
  198  22:24  Refinery  
  198  22:26  Refinery  
  200  22:31  Widow Mine  
  200  22:35  Command Center  
  197  22:52  Widow Mine  
  197  22:57  Sensor Tower  
  199  23:00  Command Center  
  199  23:02  Command Center  
  199  23:04  Nuke  
  199  23:05  Nuke x2  
  197  23:13  Widow Mine  
  197  23:18  Marine  
  200  23:24  Marauder  
  199  23:38  Supply Depot  
  199  23:39  Supply Depot x2  
  197  23:42  Command Center  
  197  23:43  Supply Depot  
  197  23:45  Command Center  
  194  23:51  Unknown  
  194  23:52  Unknown  
  180  24:01  Medivac x2  
  180  24:02  Medivac  
  184  24:05  Medivac  
  174  24:19  Marine  
  174  24:20  Marauder, Marine x2  
  174  24:21  Marauder  
  174  24:24  Widow Mine  
  143  24:25  Marauder, Marine  
  143  24:26  Marauder, Marine  
  143  24:28  Marine x2  
  117  24:32  Marine  
  117  24:37  Marine  
  108  24:38  Marine x2  
  108  24:40  Widow Mine  
  108  24:41  Marauder  
  108  24:42  Marauder  
  108  24:43  Marine  
  108  24:44  Marine  
  118  24:45  Marine  
  118  24:47  Marauder x2  
  118  24:50  Widow Mine x2  
  101  25:00  Orbital Command  
  101  25:01  Widow Mine  
  101  25:03  Marauder x2  
  102  25:08  Marauder x2  
  102  25:10  Marine  
  102  25:12  Marine  
  87  25:24  Marauder, Marine  
  87  25:25  Marauder  
  88  25:30  Marauder x2  
  89  25:38  Planetary Fortress  
  88  25:45  Marauder  
  88  25:46  SCV  
  88  25:47  SCV  
  88  25:48  SCV  
  93  25:51  Marine  
  94  25:58  SCV  
  94  26:03  SCV  
  92  26:09  SCV  
  92  26:10  Marine  
  94  26:11  Marine  
  94  26:12  Marauder x4  
  102  26:20  Medivac x2  
  102  26:24  Marine  
  103  26:27  Widow Mine  
  103  26:30  Marine  
  103  26:31  Marine  
  107  26:33  Marauder  
  107  26:37  SCV  
  108  26:41  Widow Mine  
  108  26:44  Widow Mine  
  106  26:51  Planetary Fortress  
  104  26:57  Orbital Command  
  104  27:00  SCV  
  106  27:03  SCV  
  106  27:07  SCV  
  108  27:12  SCV  
  108  27:14  Orbital Command  
  108  27:27  Marine  
  108  27:28  Marauder  
  110  27:35  Marauder  
  109  27:46  Marine  
  109  27:50  Orbital Command  
  108  27:52  Medivac x2  
  112  28:04  Marine  
  117  28:17  Marine x5  
Tags
 
Add a new tag
Caveats
  • Supply blocks, unpowered buildings, or Contaminate may cause inaccurate times.
  • Supply counts are checked every 10 seconds.